AoeStats
← 一条固执的鱼

Nomad

506843090Analyzed
3v3 RM · 16d ago on Sep 15, 2026· 48m 21s· 6 players
Game mode
Random Map
Map size
210×210
Population
200
Speed
Normal
Resources
Standard
Victory
Conquest
Starting age
Dark Age
Ending age
Imperial Age
RankedLock teamsTeams togetherTeam positionsShared explorationLock speedFull tech treeHidden civsTurbo modeCheats
Victory
Defeat
🇨🇳 Byzantines · China
1253
+16
🇨🇳 Vikings · China
1239
+16
🇨🇳 Mongols · China
1216
+17
🇧🇪 Vietnamese · Belgium
1348
-21
🇩🇪 Celts · Germany
1239
-16
🇧🇪 Japanese · Belgium
1137
-12
一条固执的鱼
5:26 Loom
15:11 Feudal Age
22:14 Castle Age
27:03 Horse Collar
28:53 Double-Bit Axe
32:00 Fletching
35:00 Scale Mail Armor
36:05 Chain Mail Armor
37:35 Forging
38:02 Bow Saw
39:40 Town Watch
41:37 Chieftains
45:49 Imperial Age
44:31 Iron Casting
44:07 Gold Mining
44:07 Stone Mining
44:26 Heavy Plow
47:19 Elite Berserk
49:50 Blast Furnace
49:21 Plate Mail Armor
沉着 冷静
11:55 Loom
14:18 Feudal Age
17:47 Castle Age
16:32 Double-Bit Axe
19:57 Bow Saw
19:29 Horse Collar
23:10 Scale Barding Armor
26:14 Heavy Plow
29:30 Wheelbarrow
32:31 Imperial Age
30:26 Gold Mining
30:27 Stone Mining
31:31 Chain Barding Armor
31:21 Forging
32:23 Forging
32:31 Husbandry
33:56 Plate Barding Armor
34:30 Conscription
35:07 Iron Casting
36:00 Elite Cataphract
37:41 Gold Shaft Mining
37:41 Stone Shaft Mining
37:42 Gold Shaft Mining
37:49 Logistica
39:28 Light Cavalry
43:00 Hussar
48:26 Hand Cart
809591945
8:33 Loom
11:55 Feudal Age
16:31 Castle Age
15:51 Town Watch
16:51 Double-Bit Axe
17:53 Bow Saw
18:58 Medium Warships
20:25 Forging
21:29 Wheelbarrow
23:29 Fishing Lines
24:44 Stone Mining
24:45 Gold Mining
25:17 Horse Collar
28:11 Heavy Plow
29:31 Gillnets
33:41 Imperial Age
31:04 Fletching
32:59 Husbandry
33:10 Bloodlines
32:58 Bodkin Arrow
33:04 Padded Archer Armor
34:46 Ballistics
35:26 Chemistry
34:29 Bracer
34:44 Leather Archer Armor
35:22 Elite Mangudai
37:36 Conscription
37:31 Thumb Ring
37:58 Parthian Tactics
39:33 Hand Cart
43:43 Capped Ram
44:55 Scale Barding Armor
45:26 Iron Casting
44:28 Light Cavalry
45:15 Hussar
46:26 Siege Ram
47:37 Chain Barding Armor
48:17 Blast Furnace
BreekVuist
3:40 Loom
13:58 Feudal Age
14:34 Double-Bit Axe
14:11 Man-at-Arms
16:01 Arson
16:29 Forging
16:21 Scale Mail Armor
17:11 Horse Collar
21:36 Castle Age
20:16 Stone Mining
20:17 Gold Mining
22:46 Chain Mail Armor
23:07 Pikeman
24:52 Wheelbarrow
25:00 Fletching
25:16 Fishing Lines
25:30 Town Watch
27:09 Squires
27:48 Masonry
30:42 Heavy Plow
32:42 Bow Saw
35:36 Iron Casting
36:18 Gold Shaft Mining
38:23 Ballistics
39:40 Bodkin Arrow
40:15 Ballistics
40:13 Hand Cart
47:05 Imperial Age
47:14 Elite Samurai
48:38 Plate Mail Armor
Ultrakiller
6:10 Loom
15:54 Feudal Age
17:36 Double-Bit Axe
20:28 Castle Age
18:43 Fletching
18:46 Stone Mining
21:23 Bodkin Arrow
24:18 Demolition Ship
31:44 Horse Collar
33:31 Gold Mining
34:16 Bow Saw
35:28 Padded Archer Armor
36:27 Wheelbarrow
36:41 Leather Archer Armor
40:13 Imperial Age
38:21 Hand Cart
37:51 Town Watch
39:40 Stone Shaft Mining
40:19 Ballistics
40:55 Bracer
41:57 Chemistry
42:28 Ring Archer Armor
41:41 Elite Rattan Archer
46:09 Paper Money
47:03 Siege Engineers
Vespuccio
5:23 Loom
14:18 Feudal Age
23:25 Castle Age
22:57 Fletching
26:00 Double-Bit Axe
29:16 Castle Age
27:28 Fishing Lines
29:00 Scale Mail Armor
29:22 Pikeman
30:14 Forging
31:02 Medium Warships
34:26 Horse Collar
36:21 Wheelbarrow
39:45 Bow Saw
39:46 Bodkin Arrow
44:23 Imperial Age
44:04 Stronghold
44:20 Murder Holes
Connection lost

Rejoining the realm…

Still unreachable

The connection could not be restored.

Session expired

The server has moved on; the page needs a fresh start.